 Dungeon Crawl Stone Soup version 0.30-a0-29-g142975f185 (webtiles) character file.

Game seed: 708029420915038387

9961 waar the Grappler (level 11, -2/104 HPs)
             Began as a Troll Fighter on Aug 26, 2022.
             Was a Believer of the Shining One.
             Slain by a nine-headed hydra (10 damage)
             ... on level 11 of the Dungeon.
             The game lasted 00:19:28 (8626 turns).

waar the Grappler (Troll Fighter)                   Turns: 8626, Time: 00:19:29

Health: -2/104     AC:  9    Str: 32    XL:     11   Next: 29%
Magic:  11/13      EV: 11    Int:  7    God:    the Shining One [**....]
Gold:   579        SH: 17    Dex: 15    Spells: 10/10 levels left

rFire   . . .      SeeInvis .    v - +7 mace "Leodow" {flame, Str+2}
rCold   . . .      Faith    .    b - +0 kite shield
rNeg    + + .      Spirit   .    L - +1 steam dragon scales
rPois   +          Reflect  .    (helmet restricted)
rElec   .          Harm     .    t - +0 cloak
rCorr   +          Rampage  .    (gloves unavailable)
Will    .....                    (boots unavailable)
Stlth   +.........               O - amulet of magic regeneration
HPRegen 1.07/turn                n - ring of Benevolence {rPois rN+ Int+3}
MPRegen 0.53/turn                u - ring of Inettua {rCorr Str+2 Dex+4}

@: divinely shielded, glowing, studying Maces & Flails
A: large, unfitting armour, claws 3, regeneration 1, shaggy fur 1, tough skin 1
a: Renounce Religion, Divine Shield


You were on level 11 of the Dungeon.
You worshipped the Shining One.
The Shining One was pleased with you.
You visited 2 branches of the dungeon, and saw 12 of its levels.
You also visited: Ossuary.

You collected 1237 gold pieces.
You spent 658 gold pieces at shops.

Inventory:

Hand Weapons
 v - the +7 mace "Leodow" (weapon) {flame, Str+2}
   (You found it on level 5 of the Dungeon)

   It burns those it strikes, dealing additional fire damage.
   Str:       It affects your strength (+2).
Missiles
 g - 30 poisoned darts (quivered)
 i - 55 stones
 K - 3 curare-tipped darts
Armour
 b - a +0 kite shield (worn)
 t - a +0 cloak (worn)
 L - +1 steam dragon scales (worn)
Jewellery
 n - the ring of Benevolence (left claw) {rPois rN+ Int+3}
   (You bought it in a shop on level 10 of the Dungeon)

   [ring of positive energy]

   Int:       It affects your intelligence (+3).
   rPois:     It protects you from poison.
   rN:        It protects you from negative energy.
 u - the ring of Inettua (right claw) {rCorr Str+2 Dex+4}
   (You bought it in a shop on level 10 of the Dungeon)

   [ring of resist corrosion]

   Str:       It affects your strength (+2).
   Dex:       It affects your dexterity (+4).
   rCorr:     It protects you from acid and corrosion.
 y - a ring of magical power
 G - a +6 ring of intelligence
 O - an amulet of magic regeneration (around neck)
Wands
 B - a wand of mindburst (42)
 D - a wand of paralysis (19)
 N - a wand of flame (18)
Scrolls
 a - 4 scrolls of vulnerability
 d - a scroll of identify
 e - a scroll of fear
 l - 6 scrolls of teleportation
 m - a scroll of silence
 o - a scroll of poison
 q - 7 scrolls of amnesia
 M - a scroll of torment {unknown}
Potions
 c - a potion of might
 f - 3 potions of lignification
 h - 5 potions of haste
 j - 4 potions of berserk rage
 k - 6 potions of flight
 p - 6 potions of curing
 r - a potion of ambrosia
 s - 3 potions of mutation
 z - 2 potions of magic
 A - 2 potions of heal wounds
 E - a potion of resistance
 J - a potion of attraction


   Skills:
 + Level 5.6 Fighting
 * Level 6.8 Maces & Flails
 - Level 2.0 Throwing
 + Level 6.1 Dodging
 - Level 0.2 Stealth
 + Level 6.7 Shields
 * Level 11.2 Unarmed Combat
 + Level 4.5 Invocations
 - Level 2.0 Evocations


You had 10 spell levels left.
You didn't know any spells.
Your spell library contained the following spells:

 Spells                   Type           Power      Damage    Failure   Level
 Blink                    Tloc           0%         N/A       82%         2
 Sublimation of Blood     Necr           0%         N/A       82%         2
 Inner Flame              Hex/Fire       0%         N/A       96%         3
 Cause Fear               Hex            0%         N/A       100%        4
 Petrify                  Tmut/Erth      0%         N/A       100%        4
 Irradiate                Conj/Tmut      0%         3d11      100%        5
 Manifold Assault         Tloc           0%         N/A       100%        5
 Metabolic Englaciation   Hex/Ice        0%         N/A       100%        5
 Statue Form              Tmut/Erth      0%         N/A       100%        6
 Storm Form               Tmut/Air       0%         N/A       100%        7
 Discord                  Hex            0%         N/A       100%        8


Dungeon Overview and Level Annotations

Branches:
Dungeon (11/15)            Temple (1/1) D:7            Lair (0/5) D:11
Ossuary (visited)
    Orc: D:9-12

Altars:
Ashenzari
Cheibriados
Dithmenos
Elyvilon
Fedhas
Gozag
Hepliaklqana
Kikubaaqudgha
Makhleb
Nemelex Xobeh
Okawaru
Qazlal
Ru
Sif Muna
Trog
Uskayaw
Vehumet
Wu Jian
Xom
Yredelemnul
Zin
The Shining One

Shops:
D:4 **   D:8 !   D:9 :   D:10 *

Annotations:
D:9 3 runed translucent doors, Taxman66's ghost, novice TrFi
D:11 exclusion: oklob plant, Lodul


Innate Abilities, Weirdness & Mutations

You are too large for most types of armour.
You have claws for hands.
Your natural rate of healing is unusually fast.
You are covered in fur. (AC +1)
You have tough skin. (AC +1)


Message History

The nine-headed hydra bites you. The nine-headed hydra misses you. x2
The yak gores you!
The nine-headed hydra attacks as you move away!
The nine-headed hydra bites you.
You block the nine-headed hydra's attack.
The nine-headed hydra bites you.
You block the nine-headed hydra's attack.
The nine-headed hydra bites you but does no damage.
The nine-headed hydra bites you! The nine-headed hydra bites you.
* * * LOW HITPOINT WARNING * * *
You block the nine-headed hydra's attack.
The nine-headed hydra bites you but does no damage.
The yak attacks as you move away! The yak gores you.
* * * LOW HITPOINT WARNING * * *
Your shield is strengthened by the Shining One's divine power.
Aiming: Paralyse
Press: ? - help, Shift-Dir - straight line, f - nine-headed hydra
Aim: a nine-headed hydra (lightly wounded, haloed, chance to affect: 21%)
Okay, then.
You feel stronger.
The +7 mace "Leodow" {flame, Str+2} bursts into flame!
v - the +7 mace "Leodow" (weapon)
{flame, Str+2} You block the nine-headed hydra's attack. x2
The nine-headed hydra bites you.
The nine-headed hydra bites you but does no damage.
You block the nine-headed hydra's attack.
The nine-headed hydra bites you.
You block the nine-headed hydra's attack.
The nine-headed hydra barely misses you.
The nine-headed hydra bites you but does no damage.
You sock the nine-headed hydra! You burn the nine-headed hydra.
The nine-headed hydra is lightly wounded.
You block the nine-headed hydra's attack. x2
The nine-headed hydra bites you!
* * * LOW HITPOINT WARNING * * *
You block the nine-headed hydra's attack.
The nine-headed hydra bites you!
* * * LOW HITPOINT WARNING * * *
The nine-headed hydra bites you!
You die...

# ..# ....
#........# #.....
# ..# ....
#........# #.....
# ..#.....
#........# #.....
#####.....
#........# #.....
..........
#........# #.....
..........#
#........# #.....
..........#
#........# #.....
^.........#
#........####.....
..........#
#@####............
########..# #D#
#..####...... #
#..# #Y# #..#
#.).... # #..# #Y#
#..# #...... #
#..######.# #..#
#...... #
#.......C.# #..#
#...... #
#....Y....# #..#
#...### #
#....C....# #..#
#...# #
###^........# #..#
#...#


You could see a nine-headed hydra, a cyclops and 2 yaks.

Vanquished Creatures
  2 two-headed ogres
  2 manticores (D:11)
  The ghost of jur the Thaumaturge, a novice DEEE (D:6)
  Grinder (D:3)
  A shadow (D:11)
  13 yaks
  A steam dragon (D:7)
  A wyvern (D:6)
  2 vampire mosquitoes (D:11)
  4 wargs (D:11)
  An acid dragon (D:10)
  3 water moccasins (D:6)
  A sky beast (D:7)
  8 ogres
  2 centaurs
  A phantom (D:4)
  3 kobold brigands
  A bullfrog (D:8)
  2 necrophages
  A gnoll sergeant (D:9)
  3 scorpions
  5 wights (D:8)
  19 killer bees
  3 electric eels
  A howler monkey (D:8)
  5 crimson imps (D:11)
  2 hounds
  3 jellies
  5 orc priests
  A gnoll bouda (D:5)
  7 iguanas
  Crazy Yiuf (D:3)
  10 orc wizards
  2 mummies (Ossuary)
  7 gnolls
  7 adders
  3 shadow imps
  3 white imps
  An ufetubus (D:6)
  2 adder zombies (Ossuary)
  A dart slug (D:2)
  29 orcs
  5 ball pythons
  10 endoplasms
  4 giant cockroaches
  5 goblins
  5 hobgoblins
  3 jackals (D:1)
  6 quokkas
  2 bats
  6 frilled lizards
  2 goblin zombies (Ossuary)
  10 hobgoblin zombies (Ossuary)
  4 jackal zombies (Ossuary)
  14 kobolds
  8 kobold zombies (Ossuary)
  9 orc zombies (Ossuary)
  4 rats
  A rat zombie (Ossuary)
269 creatures vanquished.

Vanquished Creatures (others)
  7 fungi (D:9)
  3 plants
  3 toadstools (D:9)
13 creatures vanquished.

Grand Total: 282 creatures vanquished

Notes
Turn   | Place    | Note
-------+----------+-------------------------------------------
     0 | D:1      | waar the Troll Fighter began the quest for the Orb.
     0 | D:1      | Reached XP level 1. HP: 22/22 MP: 0/0
   125 | D:1      | Reached XP level 2. HP: 24/29 MP: 1/1
   356 | D:1      | Reached XP level 3. HP: 36/36 MP: 2/2
   605 | D:2      | Reached skill level 3 in Unarmed Combat
   759 | D:2      | Reached XP level 4. HP: 44/44 MP: 3/3
   943 | D:2      | Found an opulent altar of Gozag.
  1118 | D:3      | Found a runed translucent door.
  1119 | D:3      | Noticed Crazy Yiuf
  1266 | D:3      | Found a faded altar of an unknown god.
  1351 | D:3      | Noticed Grinder
  1400 | D:3      | Paralysed by Grinder for 2 turns
  1409 | D:3      | Paralysed by Grinder for 2 turns
  1413 | D:3      | Paralysed by Grinder for 2 turns
  1417 | D:3      | HP: 2/44 [Grinder (6)]
  1418 | D:3      | Killed Grinder
  1419 | D:3      | Reached skill level 5 in Unarmed Combat
  1419 | D:3      | Reached XP level 5. HP: 4/50 MP: 4/4
  1419 | D:3      | Reached XP level 6. HP: 5/59 MP: 5/5
  1672 | D:3      | Found a sacrificial altar of Ru.
  1777 | D:3      | Found a broken altar of Ashenzari.
  1954 | D:3      | Killed Crazy Yiuf
  2111 | D:4      | Found a snail-covered altar of Cheibriados.
  2125 | D:4      | Reached skill level 6 in Unarmed Combat
  2254 | D:4      | Reached XP level 7. HP: 66/66 MP: 6/6
  2373 | D:4      | Found Waden's Assorted Antiques.
  2389 | D:4      | Found a sand-covered staircase.
  2396 | Ossuary  | Entered an ossuary
  2641 | D:4      | Bought a fuming puce potion for 25 gold pieces
  2641 | D:4      | Bought a knobbly moonstone ring for 140 gold pieces
  2641 | D:4      | Bought a scroll labelled LUCSEU EFOMOM for 28 gold pieces
  2650 | D:4      | Reached skill level 7 in Unarmed Combat
  2778 | D:4      | Found Ismon's Lightly-Used Armoury.
  2969 | D:5      | Entered Level 5 of the Dungeon
  3271 | D:5      | Identified the +7 mace "Leodow" {flame, Str+2}
  3382 | D:5      | Reached XP level 8. HP: 64/75 MP: 7/7
  3420 | D:5      | Reached skill level 1 in Throwing
  3764 | D:6      | Found a runed translucent gate.
  3765 | D:6      | Found a runed translucent gate.
  3765 | D:6      | Found a runed translucent gate.
  3765 | D:6      | Found an opulent altar of Gozag.
  3768 | D:6      | Noticed jur's ghost (novice DEEE)
  3799 | D:6      | Reached skill level 1 in Evocations
  4020 | D:6      | Reached skill level 8 in Unarmed Combat
  4347 | D:7      | Found a burning altar of Makhleb.
  4347 | D:7      | Found a stormy altar of Qazlal.
  4386 | D:7      | Found a staircase to the Ecumenical Temple.
  4413 | Temple   | Entered the Ecumenical Temple
  4768 | Temple   | Became a worshipper of the Shining One
  4881 | D:7      | Found a white marble altar of Elyvilon.
  4896 | D:7      | Reached XP level 9. HP: 35/84 MP: 8/8
  4927 | D:6      | Reached skill level 1 in Invocations
  4963 | D:7      | Noticed a two-headed ogre
  4970 | D:7      | Killed a two-headed ogre
  4971 | D:7      | Reached skill level 5 in Shields
  4971 | D:7      | Reached skill level 9 in Unarmed Combat
  5687 | D:8      | Found a shimmering altar of Xom.
  5693 | D:8      | Found a shimmering altar of Xom.
  5694 | D:8      | Found a shimmering altar of Xom.
  5696 | D:8      | Found a shimmering altar of Xom.
  5773 | D:8      | Reached skill level 5 in Dodging
  5778 | D:8      | Found a shadowy altar of Dithmenos.
  5931 | D:8      | Reached * piety under the Shining One
  5952 | D:8      | Found Lavaph's Distillery.
  6122 | D:8      | Found an ancient bone altar of Kikubaaqudgha.
  6126 | D:8      | Reached XP level 10. HP: 83/94 MP: 11/11
  6203 | D:8      | Bought a potion of heal wounds for 65 gold pieces
  6314 | D:8      | Found a hazy altar of Hepliaklqana.
  6393 | D:9      | Identified a scroll of acquirement
  6393 | D:9      | Acquired a manual of Maces & Flails
  6504 | D:9      | Found a runed translucent gate.
  6504 | D:9      | Found a runed translucent gate.
  6504 | D:9      | Found a runed translucent gate.
  6507 | D:9      | Noticed Taxman66's ghost (novice TrFi)
  6530 | D:9      | Reached skill level 1 in Maces & Flails
  6567 | D:9      | Reached skill level 10 in Unarmed Combat
  6881 | D:9      | Found Jiminef's Book Shop.
  7047 | D:9      | Noticed a two-headed ogre
  7056 | D:9      | Killed a two-headed ogre
  7057 | D:9      | Reached skill level 5 in Fighting
  7460 | D:6      | Killed jur's ghost
  7546 | D:10     | Entered Level 10 of the Dungeon
  7710 | D:10     | Found Romoaj's Antique Artefacts.
  7718 | D:10     | Bought a coiled golden ring for 200 gold pieces
  7718 | D:10     | Identified the ring of Benevolence {rPois rN+ Int+3} (You
                  | bought it in a shop on level 10 of the Dungeon)
  7718 | D:10     | Bought a warped turquoise ring for 200 gold pieces
  7718 | D:10     | Identified the ring of Inettua {rCorr Str+2 Dex+4} (You
                  | bought it in a shop on level 10 of the Dungeon)
  8166 | D:11     | Noticed a manticore
  8169 | D:11     | Killed a manticore
  8170 | D:11     | Reached skill level 5 in Maces & Flails
  8205 | D:11     | Reached ** piety under the Shining One
  8235 | D:11     | Noticed a manticore
  8250 | D:11     | Killed a manticore
  8251 | D:11     | Reached XP level 11. HP: 20/104 MP: 13/13
  8355 | D:11     | Noticed Lodul
  8388 | D:11     | Found a staircase to the Lair.
  8388 | D:11     | Noticed an oklob plant
  8424 | D:10     | Reached skill level 11 in Unarmed Combat
  8604 | D:11     | Noticed an eight-headed hydra
  8626 | D:11     | Slain by a nine-headed hydra

Illustrated notes

Levels and vault maps discovered:
D:1:      giann_wishing_wells, layout_rooms, nicolae_eternal_life,
          dk_noncrumbling_4
D:2:      layout_rooms, basic_altar
D:3:      layout_basic, lemuel_coloured_pillars_altar, general_overflow_altar,
          basic_ecumenical_altar, serial_park_tiny_1, uniq_crazy_yiuf_cottage,
          uniq_grinder
D:4:      layout_loops_ring, lemuel_crystal_altar, serial_shops, shop,
          chequers_ossuary_entry_cave, minmay_shop_damaged,
          nicolae_elevator_lobby_asterisk
D:5:      layout_cave_pools
D:6:      layout_rooms, ebering_ghost_gozag, st_stairs_11,
          minmay_misc_feat_four_crosses, minivault_5
D:7:      layout_loops_ring, nicolae_elyvilon_temple_path,
          gammafunk_temple_overflow_wave, minmay_temple_entry_slanted
D:8:      layout_basic, mainiacjoe_overflow_big_doors, xom_redecorated,
          lemuel_round_altar, serial_glass, glass_columns_b, glass_columns_c,
          serial_shops, nicolae_inconvenience_store
D:9:      layout_irregular_city, gammafunk_ghost_nasty_kobolds, serial_shops,
          kennysheep_mini_moat, minmay_gold_behind_fungi
D:10:     layout_loops_ring, nicolae_antique_artefacts
D:11:     layout_long_grid, dpeg_oklobed_lair, minmay_orc_entry_guard_dogs,
          minmay_holes, nicolae_concentric_dashed_squares_mild,
          minmay_nine_imps, uniq_lodul, uniq_nergalle
Temple:   minmay_temple_forest_path

Skill      XL: |  1  2  3  4  5  6  7  8  9 10 11 |
---------------+----------------------------------+-----
Shields        | 3 4 5 6 |  6.7
Unarmed Combat | 3 5 6 7 8 9 10 11 | 11.2
Dodging        | 3 4 5 6 |  6.1
Fighting       | 3 4 5 |  5.6
Throwing       | 2 |  2.0
Evocations     | 2 |  2.0
Invocations    | 3 4 |  4.5
Maces & Flails | 5 6 |  6.8
Stealth        | |  0.2

Action                   |  1- 3 |  4- 6 |  7- 9 | 10-12 || total
-------------------------+-------+-------+-------+-------++-------
Melee: Unarmed           |    98 |    62 |   309 |   225 ||   694
       Mace              |       |       |       |     1 ||     1
Throw: Stone             |       |     6 |     4 |       ||    10
       Dart              |       |       |     2 |    19 ||    21
Invok: Divine Shield     |       |       |       |     6 ||     6
Evoke: Wand              |       |       |     5 |       ||     5
  Use: Scroll            |       |     7 |     4 |    15 ||    26
 Stab: Sleeping          |       |       |     1 |       ||     1
Armor: Robe              |    33 |    10 |    47 |       ||    90
       Steam dragon scal |       |       |    15 |    58 ||    73
Dodge: Dodged            |    33 |    16 |    79 |    94 ||   222
Block: Kite shield       |    39 |    14 |    94 |   143 ||   290

Table legend: (Time is in decaauts)
 A = Elapsed time spent in this place.
 B = Non-inter-level travel time spent in this place.
 C = Inter-level travel time spent in this place.
 D = Time resting spent in this place.
 E = Time spent auto-exploring this place.
 F = Levels seen in this place.
 G = Mean time per level.
                   A        B        C        D        E       F      G
               +--------+--------+--------+--------+--------+-----+--------+
         Total |   8622 |   7864 |    758 |    264 |   5928 |  13 |  663.2 |
       Dungeon |   8001 |   7278 |    723 |    264 |   5500 |  11 |  727.4 |
        Temple |    390 |    355 |     35 |      0 |    342 |   1 |  390.0 |
       Ossuary |    229 |    229 |      0 |      0 |     86 |   1 |  229.0 |
               +--------+--------+--------+--------+--------+-----+--------+

Top non-repeatable levels by time:
     D:9: 1031 daAuts
     D:3: 924 daAuts
     D:7: 898 daAuts
     D:4: 797 daAuts
    D:10: 792 daAuts
     D:6: 777 daAuts
     D:8: 762 daAuts
     D:5: 632 daAuts
     D:1: 555 daAuts
     D:2: 550 daAuts
  Temple: 390 daAuts
    D:11: 278 daAuts
 Ossuary: 229 daAuts
